 Dungeon Crawl Stone Soup version 0.21-a0-529-g8c7b3f5 (webtiles) character file.

569842 Amnesiac the Acrobat (level 25, -11/172 HPs)
             Began as a Deep Elf Necromancer on Dec 10, 2017.
             Was an Elder of Sif Muna.
             Mangled by a storm dragon (23 damage)
             ... on level 5 of the Realm of Zot.
             The game lasted 03:32:06 (67562 turns).

Amnesiac the Acrobat (Deep Elf Necromancer)        Turns: 67562, Time: 03:32:07

Health: -11/172    AC: 24    Str:  5    XL:     25   Next: 60%
Magic:  0/47       EV: 34    Int: 31    God:    Sif Muna [****..]
Gold:   5779       SH:  9    Dex: 24    Spells: 5/61 levels left

rFire    + . .     SeeInvis .   a - staff of death
rCold    + . .     Gourm    .   J - +3 buckler {AC+3}
rNeg     + + .     Faith    +   x - +2 robe "Kuilian" {rElec Dex+5 Stlth+}
rPois    +         Spirit   +   y - +2 hat of the Bear Spirit {Spirit, +Rage rN+ MR++}
rElec    +         Reflect  .   v - +2 cloak {rPois}
rCorr    .         Harm     .   O - +4 pair of gloves of Apna {+Fly Dex+2}
MR       ++++.                  o - +2 pair of boots of the Assassin {Detection Stab+ Stlth++}
Stlth    ++++++++..             A - amulet of faith
HPRegen  0.38/turn              G - ring of protection from fire
MPRegen  0.30/turn              r - ring "Byeridgh" {rElec rC+ AC+4 Dex+4}

@: about to teleport
A: talons 1, clumsy 1, dopey 1, mutation resistance 1, screaming 1
}: 3/15 runes: serpentine, barnacled, slimy
a: Divine Energy, Channel Magic, Forget Spell, Renounce Religion, Evoke Berserk
Rage, Evoke Flight


You were on level 5 of the Realm of Zot.
You worshipped Sif Muna.
Sif Muna was greatly pleased with you.
You were very full.

You visited 10 branches of the dungeon, and saw 50 of its levels.
You visited the Abyss 1 time.
You visited 2 bazaars.
You also visited: Ice Cave and Wizlab.

You collected 6286 gold pieces.
You spent 507 gold pieces at shops.

Inventory:

Hand Weapons
 b - a +5 dagger of electrocution
 h - the +9 staff of Wucad Mu {channel}
   (You found it in a wizard's laboratory)
 q - a +3 blowgun
Missiles
 B - 9 throwing nets (quivered)
 T - 8 curare-tipped needles
Armour
 o - the +2 pair of boots of the Assassin (worn) {Detection Stab+ Stlth++}
   (You acquired it on level 4 of the Realm of Zot)

   It makes you much more stealthy.
 v - a +2 cloak of poison resistance (worn)
 x - the +2 robe "Kuilian" (worn) {rElec Dex+5 Stlth+}
   (You found it on level 1 of the Lair of Beasts)

   It affects your dexterity (+5).
   It insulates you from electricity.
   It makes you more stealthy.
 y - the +2 hat of the Bear Spirit (worn) {Spirit, +Rage rN+ MR++}
   (You found it on level 5 of the Pits of Slime)

   It protects you from negative energy.
   It affects your resistance to hostile enchantments.
   It lets you go berserk.
 J - a +3 buckler of protection (worn)
 O - the +4 pair of gloves of Apna (worn) {+Fly Dex+2}
   (You found it on level 8 of the Dungeon)

   It affects your dexterity (+2).
   It lets you fly.
 W - the +0 buckler of the Game of Kings {rElec rN+ rCorr Stlth-}
   (You found it on level 11 of the Dungeon)

   It insulates you from electricity.
   It protects you from negative energy.
   It protects you from acid and corrosion.
   It makes you less stealthy.
Magical Staves
 a - an uncursed staff of death (weapon)
Jewellery
 i - an uncursed ring of wizardry
 n - a +4 ring of protection
 r - the ring "Byeridgh" (right hand) {rElec rC+ AC+4 Dex+4}
   (You found it on level 5 of the Realm of Zot)

   [ring of protection]

   It affects your AC (+4).
   It affects your dexterity (+4).
   It protects you from cold.
   It insulates you from electricity.
 A - an amulet of faith (around neck)
 E - the amulet "Inkoutex" {Reflect rPois Int-5 Slay+5 SH+3}
   (You found it on level 5 of the Pits of Slime)

   [amulet of reflection]

   It shields you and reflects attacks.
   It affects your intelligence (-5).
   It affects your accuracy and damage with ranged weapons and melee attacks
   (+5).
   It protects you from poison.
   It affects your SH (+3).
 G - a ring of protection from fire (left hand)
 H - an uncursed ring of see invisible
 P - the ring of Faechif {rCorr rPois Int+4}
   (You found it on level 5 of the Pits of Slime)

   [ring of resist corrosion]

   It affects your intelligence (+4).
   It protects you from poison.
 X - an uncursed ring of magical power
 Y - an uncursed ring of protection from cold
 Z - an uncursed ring of magical power
Wands
 L - a wand of digging (47)
Scrolls
 e - 6 scrolls of fear {!r}
 f - 6 scrolls of fog {!r}
 j - 22 scrolls of remove curse {!r}
 m - 10 scrolls of identify {!r}
 s - 6 scrolls of amnesia {!r}
 D - a scroll of magic mapping {!r}
 I - 6 scrolls of enchant armour {!r}
 K - a scroll of summoning {!r}
 M - 3 scrolls of blinking {!r}
 N - 8 scrolls of teleportation {!r}
 Q - 10 scrolls of vulnerability {!r}
 R - a scroll of silence {!r}
Potions
 d - 5 potions of magic {!q}
 g - 4 potions of flight {!q}
 k - 4 potions of agility {!q}
 l - 3 potions of might {!q}
 p - 6 potions of resistance {!q}
 t - 8 potions of brilliance {!q}
 u - 7 potions of invisibility {!q}
 w - 5 potions of curing {!q}
 z - 2 potions of heal wounds {!q}
 F - 7 potions of lignification {!q}
 S - 3 potions of haste {!q}
 V - 3 potions of cancellation {!q}
Comestibles
 c - 12 bread rations


   Skills:
 + Level 21.7 Fighting
 - Level 12.0 Staves
 - Level 23.1 Dodging
 - Level 9.0 Stealth
 - Level 4.0 Shields
 - Level 18.5 Spellcasting
 - Level 20.5 Charms
 - Level 3.0 Summonings
 - Level 20.0 Necromancy
 - Level 9.0 Invocations
 - Level 5.0 Evocations


You had 5 spell levels left.
You knew the following spells:

 Your Spells              Type           Power        Failure   Level  Hunger
a - Bolt of Draining      Conj/Necr      #######...   1%          5    None
b - Sublimation of Blood  Necr           ########..   0%          2    None
c - Deflect Missiles      Chrm/Air       #######...   3%          6    None
d - Vampiric Draining     Necr           ########..   0%          3    None
e - Dispel Undead         Necr           ########     0%          5    None
g - Infestation           Necr           ########..   2%          8    #####..
h - Summon Butterflies    Summ           #####...     1%          1    None
i - Ozocubu's Armour      Chrm/Ice       #######.     1%          3    None
j - Death's Door          Chrm/Necr      ########..   1%          8    #####..
k - Passwall              Tmut/Erth      ####......   1%          2    None
r - Regeneration          Chrm/Necr      ########..   0%          3    None
v - Blink                 Tloc           N/A          1%          2    None
w - Haunt                 Necr/Summ      ########..   10%         7    ####...
z - Confusing Touch       Hex            ####..       1%          1    None


Dungeon Overview and Level Annotations

Branches:
Dungeon (15/15)            Temple (1/1) D:4            Lair (6/6) D:11
 Shoals (4/4) Lair:4        Snake (4/4) Lair:2        Slime (5/5) Lair:6
    Orc (2/2) D:9             Elf (3/3) Orc:2        Vaults (0/5) D:13
 Depths (5/5) D:15            Zot (5/5) Depths:5

Altars:
Ashenzari
Dithmenos
Fedhas
Gozag
Hepliaklqana
Kikubaaqudgha
Nemelex Xobeh
Okawaru
Sif Muna
Trog
Vehumet
Wu Jian
Zin
The Shining One
Jiyva
Lugonu

Shops:
D:10 *   Orc:2 !(=(   Depths:1 :   Depths:2 (   Depths:4 (

Portals:
Hell: Depths:1 Depths:2 Depths:3 Depths:4
Abyss: Depths:1 Depths:2 Depths:3 Depths:4
Pandemonium: Depths:2 Depths:3 Depths:4
Ziggurat: Depths:1

Annotations:
D:13 exclusion: gargoyle


Innate Abilities, Weirdness & Mutations

You have sharp toenails.
You are clumsy. (Dex -2)
You are dopey. (Int -2)
You are somewhat resistant to further mutation.
You occasionally shout uncontrollably at your foes.


Message History

Sif Muna accepts your kill.
A death scarab bursts from the moth of wrath!
The ancient lich closely misses your death scarab.
The electric golem hurls lightning at you.
The bolt of lightning misses your death scarab.
The bolt of lightning hits you! You resist.
* * * LOW HITPOINT WARNING * * *
You feel somewhat less full. The electric golem closely misses you.
The electric golem hits you.
* * * LOW HITPOINT WARNING * * *
The electric golem shocks you. You resist.
* * * LOW HITPOINT WARNING * * *
The electric golem hits you but does no damage. x2
A storm dragon and a moth of wrath come into view.
You shout at the moth of wrath!
Really quaff
z - 3 potions of heal wounds {!q}?
You feel much better. The electric golem closely misses you.
You block the electric golem's attack. The electric golem misses you.
The electric golem closely misses you.
Your death scarab drains the ancient lich's vigour!
The ancient lich seems to slow down.
The storm dragon breathes lightning at you.
The bolt of lightning hits your death scarab.
The bolt of lightning hits you! You resist.
* * * LOW HITPOINT WARNING * * *
The tentacled monstrosity tentacle-slaps you but does no damage.
The tentacled monstrosity barely misses you.
You block the tentacled monstrosity's attack.
The tentacled monstrosity grabs you.
* * * LOW HITPOINT WARNING * * *
The tentacled monstrosity constricts you!
The ancient lich points at you and mumbles some strange words.
The bolt of fire hits your death scarab.
Your death scarab is destroyed!
The bolt of fire misses you.
The electric golem blinks!
Unknown command.
Casting: Bolt of Draining
Confirm with . or Enter, or press ? or * to list all spells.
The tentacled monstrosity's grasp on you weakens, but your attempt to escape fails.
The electric golem hurls lightning at you.
The bolt of lightning hits you! You resist.
* * * LOW HITPOINT WARNING * * *
You block the tentacled monstrosity's attack.
The tentacled monstrosity closely misses you.
You block the tentacled monstrosity's attack.
* * * LOW HITPOINT WARNING * * *
The tentacled monstrosity constricts you.
Casting: Blink
Confirm with . or Enter, or press ? or * to list all spells.
You escape the tentacled monstrosity's grasp.
You blink.
You block the electric golem's attack. The electric golem hits you.
* * * LOW HITPOINT WARNING * * *
The electric golem shocks you. You resist.
* * * LOW HITPOINT WARNING * * *
You block the electric golem's attack. The electric golem barely misses you.
The moth of wrath goads the storm dragon on!
The storm dragon goes berserk!
The ancient lich misses you. The electric golem misses you.
The electric golem hits you.
* * * LOW HITPOINT WARNING * * *
The electric golem shocks you. You resist.
* * * LOW HITPOINT WARNING * * *
The electric golem hits you but does no damage.
The electric golem misses you. The storm dragon bites you!!
You die...

.####.#########.# #<# .#
#.# #######'######'#######
.#
#.###.....)........?.....#
.#
#...'.........≈≈≈≈≈≈≈≈≈..#
##
#####..%......≈≈≈≈≈≈≈≈≈..#
#...<.....≈≈≈≈≈≈≈≈≈..# ###
#.........≈≈≈≈≈≈≈≈≈..# ..#
#........y≈≈≈≈≈≈≈≈≈..# ..#
#......8@.≈≈≈≈≈≈≈≈≈..# ..#
#......L.D≈≈≈≈≈≈≈≈≈..# ⌠.#
#....L8...≈≈≈≈≈≈≈≈≈..# ..#
#..X......≈≈≈≈≈≈≈≈≈..# ⌠.#
#...§.....≈≈≈≈≈≈≈≈≈..# ..#
#...........%........# ###
######################


You could see 2 electric golems, a tentacled monstrosity, 2 ancient liches, a
storm dragon (berserk) and a moth of wrath.

Vanquished Creatures
  2 orbs of fire (Zot:5)
  An ancient lich (Zot:5)
  2 curse toes
  A Killer Klown (Zot:5)
  Vashnia (Snake:4)
  Saint Roka (Depths:2)
  A caustic shrike (Depths:5)
  4 golden dragons
  Nikola (Snake:1)
  A bone dragon (Abyss:5)
  A tentacled monstrosity (Zot:4)
  12 Orb Guardians (Zot:5)
  Rupert (Lair:3)
  Asterion (Snake:1)
  4 quicksilver dragons
  A deep elf master archer (Elf:3)
  24 acid blobs
  A lich (Depths:1)
  A kraken (Shoals:3)
  An acid blob (shapeshifter) (Depths:4)
  A sphinx (Depths:5)
  4 death cobs
  A shadow dragon (Zot:4)
  5 storm dragons
  3 tengu reavers
  5 azure jellies
  Ilsuiw (Shoals:4)
  9 nagarajas
  A deep elf sorcerer (Elf:3)
  A draconian monk (Zot:1)
  A draconian scorcher (Zot:2)
  A draconian knight (Zot:4)
  3 frost giants (Depths:4)
  An iron dragon (Depths:3)
  2 draconian shifters (Zot:2)
  7 fire giants
  A draconian stormcaller (Zot:1)
  3 ghost moths
  2 spriggan defenders
  A deep elf elementalist (Elf:3)
  A draconian annihilator (Zot:4)
  4 vampire knights
  A very ugly thing (Depths:4)
  A stone giant (Depths:3)
  9 black draconians
  A deep elf annihilator (Elf:3)
  8 white draconians
  5 deep elf demonologists
  Nessos (D:12)
  6 yellow draconians
  5 red draconians
  The ghost of Typee the Destroyer, a journeyman OpFE of Kikubaaqudgha (Lair:5)
  A merfolk javelineer (Shoals:4)
  6 spark wasps (Depths:3)
  7 purple draconians
  An eidolon (Abyss:5)
  3 deep elf death magi
  5 ettins
  3 merfolk impalers
  A jiangshi (Depths:2)
  2 death oozes
  A yaktaur captain (D:15)
  The ghost of Gorglomux the Archer, a journeyman OpHu of Okawaru (Lair:2)
  3 fire dragons
  A rakshasa (Abyss:4)
  6 great orbs of eyes
  The ghost of Curus the Brawler, a journeyman TrBe of Trog (D:11)
  2 deep elf high priests (Elf:3)
  7 hydras
  Fannar (D:12)
  17 naga warriors
  5 centaur warriors
  2 merfolk aquamancers
  2 alligator snapping turtles
  4 ice dragons
  9 anacondas
  6 spriggan air magi
  A dancing weapon (Elf:1)
  A tengu warrior (Depths:2)
  A titan zombie (Depths:4)
  The ghost of Amnesiac the Necromancer, a journeyman DENe of Sif Muna (Lair:2)
  2 vampire magi
  11 deep troll shamans
  5 two-headed ogres
  6 deep troll earth magi
  Urug (Lair:5)
  2 orc high priests
  7 naga sharpshooters
  3 shock serpents
  7 spriggan berserkers
  7 deep elf knights
  2 spriggans
  6 iron trolls
  Sonja (D:10)
  5 skeletal warriors (Depths:4)
  17 sea snakes
  12 deep trolls
  6 unseen horrors
  2 glowing orange brains
  6 salamander mystics
  A flayed ghost (Depths:4)
  14 naga ritualists
  2 harpies (Shoals:2)
  A wizard (Elf:2)
  Pikel (D:4)
  3 deep elf archers
  The ghost of Regeox the Cudgeler, a novice HOFi (D:5)
  2 orc sorcerers
  2 phantasmal warriors (Depths:3)
  29 deep elf magi
  7 ugly things
  A tengu zombie (Depths:4)
  13 mana vipers
  4 cyclopes
  2 wolf spiders (Lair:6)
  3 fauns
  15 manticores
  9 shining eyes
  12 salamanders
  3 merfolk sirens
  17 naga magi
  16 moths of wrath
  37 black mambas
  5 water nymphs
  4 eyes of devastation
  9 elephants
  Psyche (D:11)
  10 spiny frogs
  8 guardian serpents
  A torpor snail (Lair:6)
  An elf skeleton (Depths:4)
  10 yaktaurs
  A yaktaur (shapeshifter) (Depths:1)
  2 rime drakes (Lair:5)
  3 komodo dragons
  A tengu conjurer (Depths:2)
  10 trolls
  The ghost of zero the Covert, a novice SpEn (D:4)
  6 hornets
  8 raiju
  8 hippogriffs
  17 merfolk
  A polar bear (Lair:3)
  8 blink frogs
  A hippogriff (shapeshifter) (Depths:3)
  79 slime creatures
  7 dream sheep
  8 snapping turtles
  A shadow (D:14)
  4 air elementals
  A redback (Lair:6)
  A spriggan (shapeshifter) (Depths:2)
  A wraith (D:12)
  A hog (shapeshifter) (Elf:2)
  16 yaks
  A fire bat (shapeshifter) (Depths:4)
  3 large abominations
  2 water elementals
  15 wyverns
  A vampire (D:11)
  5 basilisks
  A wyvern (shapeshifter) (D:13)
  7 golden eyes
  Menkaure (D:6)
  Edmund (D:6)
  69 nagas
  6 wargs
  An acid dragon (D:13)
  15 water moccasins
  3 floating eyes
  7 porcupines
  12 orc warriors
  7 ice beasts
  A swamp drake (shapeshifter) (Depths:5)
  A sky beast (D:6)
  5 black bears (Lair:6)
  2 slaves (D:5)
  13 boggarts
  6 eyes of draining
  5 phantoms
  8 centaurs
  12 ogres
  35 wolves
  12 crocodiles
  25 bullfrogs
  2 gnoll sergeants
  2 scorpions
  A wyvern skeleton (D:10)
  5 small abominations
  3 killer bees (D:13)
  8 howler monkeys
  14 wights
  8 electric eels
  4 crimson imps
  A quasit (D:12)
  A bullfrog zombie (D:11)
  A human zombie (Abyss:4)
  2 centaur zombies
  A gnoll shaman (D:10)
  5 hounds
  22 jellies
  2 centaur skeletons
  9 orc priests
  11 orc wizards
  Crazy Yiuf (D:2)
  4 bullfrog skeletons
  3 iguanas
  9 worker ants
  Robin (D:2)
  A howler monkey zombie (D:9)
  22 gnolls
  10 adders
  2 shadow imps (D:6)
  4 oozes
  A worm (D:4)
  4 dart slugs
  7 leopard geckos
  40 orcs
  A ball python (D:8)
  10 bats
  3 giant cockroaches
  17 goblins
  14 hobgoblins
  3 quokkas
  2 frilled lizards
  3 kobolds
  9 rats
  2 crawling corpses (Elf:2)
1354 creatures vanquished.

Vanquished Creatures (collateral kills)
  the Royal Jelly (Slime:5)
  2 ancient liches
  6 orbs of fire
  A juggernaut (Depths:5)
  A curse toe (Zot:1)
  3 caustic shrikes (Depths:5)
  A Killer Klown (Zot:5)
  4 golden dragons
  A bone dragon (Abyss:5)
  An electric golem (Zot:1)
  12 tentacled monstrosities
  13 Orb Guardians (Zot:5)
  A titan (Depths:2)
  A lich (Depths:1)
  A deep elf blademaster (Elf:3)
  A deep elf master archer (Elf:3)
  A quicksilver dragon (Depths:4)
  An Executioner (Abyss:5)
  9 acid blobs
  Polyphemus (Shoals:3)
  2 tentacled starspawn (Abyss:5)
  5 death cobs
  3 draconian monks
  4 shadow dragons
  2 tengu reavers (Depths:2)
  4 storm dragons
  4 azure jellies (Slime:5)
  Aizul (Shoals:1)
  4 frost giants
  2 draconian knights
  A fire giant (Depths:2)
  2 draconian scorchers (Zot:2)
  A balrug (Abyss:5)
  4 deep elf sorcerers (Elf:3)
  A juggernaut zombie (Depths:4)
  A caustic shrike zombie (Depths:4)
  A draconian shifter (Depths:5)
  Louise (Depths:1)
  3 deep elf elementalists (Elf:3)
  7 draconian annihilators
  7 very ugly things
  7 stone giants
  3 vampire knights
  5 yellow draconians
  2 deep elf demonologists
  5 white draconians
  4 deep elf annihilators (Elf:3)
  8 black draconians
  9 green draconians
  9 purple draconians
  13 red draconians
  An orange crystal statue (WizLab)
  An ettin (Depths:5)
  4 blizzard demons
  4 death oozes (Slime:5)
  A deep elf death mage (Depths:4)
  2 merfolk javelineers
  2 fire dragons
  3 jiangshi
  3 deep elf high priests (Elf:1)
  2 yaktaur captains (Depths:5)
  5 merfolk impalers (Shoals:4)
  7 great orbs of eyes
  3 rakshasas
  9 starcursed masses (Abyss:5)
  3 naga warriors (Snake:4)
  An anaconda (Snake:4)
  8 ice dragons
  A catoblepas (Shoals:3)
  2 spriggan air magi
  8 two-headed ogres
  3 merfolk aquamancers (Shoals:4)
  An alligator snapping turtle (Shoals:4)
  Erica (Orc:1)
  3 hydras
  A centaur warrior (Depths:2)
  4 ogre magi
  6 deep troll earth magi
  26 dancing weapons
  3 vampire magi
  11 deep troll shamans
  3 tengu warriors (Depths:2)
  A thrashing horror (Abyss:5)
  3 death yaks (Shoals:3)
  An orc high priest (Orc:2)
  6 spriggan berserkers
  A shock serpent (Snake:4)
  2 naga sharpshooters (Snake:4)
  6 sun demons
  13 deep elf knights
  2 soul eaters (Depths:4)
  A salamander mystic (Snake:4)
  6 iron trolls
  2 spatial maelstroms (Abyss:5)
  3 sixfirhies
  5 hell knights (Depths:5)
  2 skeletal warriors (Depths:4)
  4 wretched stars (Abyss:5)
  6 unseen horrors (Depths:2)
  9 sea snakes
  20 deep trolls
  2 death drakes (Abyss:5)
  An obsidian statue (Zot:5)
  A naga ritualist (Snake:4)
  2 deep elf archers (Elf:1)
  3 orc knights
  20 deep elf magi
  An iron dragon zombie (Depths:4)
  3 harpies (Shoals:2)
  2 mana vipers (Snake:4)
  9 ugly things
  4 orc sorcerers (Orc:2)
  An oklob plant (Lair:6)
  3 salamanders (Snake:4)
  A cyclops (Orc:1)
  A manticore (Shoals:4)
  4 shining eyes
  2 worldbinders
  9 moths of wrath
  3 water nymphs (Shoals:4)
  A fire giant skeleton (Depths:4)
  An eye of devastation (shapeshifter) (Depths:2)
  4 merfolk sirens (Shoals:4)
  5 ice statues (IceCv)
  A black mamba (shapeshifter) (Depths:3)
  4 naga magi (Snake:4)
  A black mamba (Snake:4)
  A gargoyle (D:14)
  2 komodo dragons
  A hellion (Depths:2)
  4 golden dragon simulacra (IceCv)
  24 yaktaurs
  An ice devil (Depths:2)
  An efreet (Zot:2)
  2 anaconda simulacra (IceCv)
  A hellwing (Abyss:5)
  An ancient zyme (Abyss:5)
  A red devil (Depths:2)
  A troll (Orc:1)
  2 hornets
  9 polar bears (Lair:6)
  10 raiju
  14 merfolk
  2 hornets (shapeshifter)
  4 wind drakes
  A dream sheep (Shoals:4)
  2 hippogriffs (Shoals:2)
  A hippogriff (shapeshifter) (Depths:2)
  21 slime creatures
  A snapping turtle (Shoals:4)
  5 ynoxinuls
  A shadow (Abyss:4)
  A centaur simulacrum (D:14)
  3 spriggans
  A dire elephant simulacrum (IceCv)
  A wraith (Abyss:5)
  18 water elementals
  7 air elementals
  27 fire elementals
  2 golden eyes (Depths:1)
  A chaos spawn (Abyss:4)
  4 neqoxecs
  4 wargs
  An iron troll simulacrum (IceCv)
  3 spatial vortices (Abyss:5)
  11 nagas (Snake:4)
  3 insubstantial wisps (Abyss:5)
  A naga (shapeshifter) (Depths:2)
  A hydra simulacrum (IceCv)
  14 hell hounds (Lair:6)
  18 large abominations
  2 ice beasts (IceCv)
  12 orc warriors
  6 black bears (Lair:6)
  2 eyes of draining
  9 ogres
  5 wolves (Lair:6)
  A phantom (D:5)
  4 boggarts
  4 centaurs
  11 small abominations
  3 earth elementals
  5 wights
  An electric eel (D:14)
  3 crimson imps
  A quasit (Depths:2)
  A hound (D:14)
  23 orc wizards
  15 orc priests
  A jelly (D:8)
  An iron imp (Depths:2)
  2 gnolls (D:5)
  A shadow imp (Depths:2)
  An ufetubus (Depths:2)
  18 orcs
  A goblin (D:3)
  2 plants
870 creatures vanquished.

Vanquished Creatures (others)
  A death cob (Zot:5)
  A rakshasa (Depths:2)
  A wizard (D:15)
  A yaktaur (Depths:2)
  2 slaves (D:5)
  A boggart (Depths:2)
  An orc priest (Elf:1)
  2 orc wizards (Elf:1)
  An iguana (D:5)
  A hound skeleton (D:5)
  8 orcs (Elf:1)
  A leopard gecko skeleton (D:5)
  12 fungi
  82 plants
  2 starspawn tentacles (Abyss:5)
  4 tentacles (Shoals:3)
121 creatures vanquished.

Grand Total: 2345 creatures vanquished

Notes
Turn   | Place    | Note
-------+----------+-------------------------------------------
     0 | D:1      | Amnesiac the Deep Elf Necromancer began the quest for the Orb.
     0 | D:1      | Reached XP level 1. HP: 10/10 MP: 6/6
   153 | D:1      | Reached skill level 1 in Fighting
   256 | D:1      | Reached XP level 2. HP: 16/16 MP: 6/8
   944 | D:2      | Noticed Robin
   947 | D:2      | Killed Robin
   947 | D:2      | Reached XP level 3. HP: 10/21 MP: 0/9
  1365 | D:2      | Reached skill level 1 in Shields
  1439 | D:2      | Found a radiant altar of Vehumet.
  1585 | D:2      | Found a runed door.
  1967 | D:2      | Noticed Crazy Yiuf
  1971 | D:2      | HP: 1/22 [Crazy Yiuf/quarterstaff of chaos (6)]
  1976 | D:2      | Killed Crazy Yiuf
  1976 | D:2      | Reached XP level 4. HP: 1/27 MP: 3/10
  1984 | D:2      | Learned a level 3 spell: Vampiric Draining
  1989 | D:2      | Learned a level 4 spell: Animate Dead
  2473 | D:3      | Found a blossoming altar of Fedhas.
  2522 | D:3      | Reached XP level 5. HP: 13/31 MP: 0/11
  3424 | D:4      | Noticed an ogre
  3443 | D:4      | Killed an ogre
  3443 | D:4      | Reached XP level 6. HP: 30/36 MP: 0/12
  3451 | D:4      | Learned a level 3 spell: Regeneration
  3525 | D:4      | Noticed zero's ghost (novice SpEn)
  3715 | D:4      | Found a staircase to the Ecumenical Temple.
  3733 | Temple   | Entered the Ecumenical Temple
  3755 | Temple   | Became a worshipper of Sif Muna the Loreminder
  3858 | D:4      | Reached skill level 5 in Necromancy
  4195 | D:5      | Entered Level 5 of the Dungeon
  4221 | D:5      | Noticed a slave
  4221 | D:5      | Noticed a slave
  4222 | D:5      | Noticed Pikel
  4240 | D:5      | Killed a slave
  4254 | D:5      | Noticed a slave
  4296 | D:4      | Killed Pikel
  4296 | D:4      | Reached * piety under Sif Muna
  4296 | D:4      | Reached skill level 5 in Spellcasting
  4296 | D:4      | Reached XP level 7. HP: 21/40 MP: 0/17
  4428 | D:5      | Noticed Regeox's ghost (novice HOFi)
  4466 | D:5      | Learned a level 4 spell: Control Undead
  4813 | D:5      | Reached XP level 8. HP: 39/45 MP: 14/18
  5363 | D:6      | Reached ** piety under Sif Muna
  5448 | D:6      | Noticed Menkaure
  5498 | D:6      | Your ally died
  5524 | D:6      | Reached skill level 10 in Necromancy
  5643 | D:6      | Found a shattered altar of Ashenzari.
  5775 | D:6      | Got a shimmering leather armour
  5933 | D:6      | Identified the +4 leather armour "Goosm" {*Drain MR+ Regen+ Stlth+} (You found it on level 6 of the Dungeon)
  5956 | D:6      | Reached XP level 9. HP: 33/49 MP: 8/23
  6095 | D:6      | Reached *** piety under Sif Muna
  6352 | D:7      | Reached skill level 3 in Dodging
  6564 | D:7      | Got a smoking plate armour
  6588 | D:7      | Got a steaming ring mail
  6592 | D:7      | Found an ancient bone altar of Kikubaaqudgha.
  6703 | D:7      | Found a glowing silver altar of Zin.
  6812 | D:8      | Noticed a troll
  6818 | D:8      | Killed a troll
  6913 | D:8      | Reached skill level 4 in Dodging
  7101 | D:8      | Reached **** piety under Sif Muna
  7126 | D:8      | Got a pair of brightly glowing gloves
  7176 | D:8      | Identified the +4 pair of gloves of Apna {+Fly Dex+2} (You found it on level 8 of the Dungeon)
  7343 | D:8      | Found a shadowy altar of Dithmenos.
  7610 | D:9      | Reached XP level 10. HP: 56/56 MP: 16/25
  7763 | D:9      | Found a staircase to the Orcish Mines.
  7818 | D:9      | Learned a level 1 spell: Confusing Touch
  7830 | D:9      | Reached skill level 10 in Spellcasting
  7873 | D:9      | Noticed a two-headed ogre
  7882 | D:9      | Killed a two-headed ogre
  7980 | D:9      | Found a hazy altar of Hepliaklqana.
  8029 | D:9      | Found a glowing golden altar of the Shining One.
  8135 | D:9      | Reached skill level 5 in Dodging
  8376 | Orc:1    | Entered Level 1 of the Orcish Mines
  8386 | Orc:1    | Noticed an orc sorcerer
  8388 | Orc:1    | Noticed an orc knight
  8414 | D:10     | Entered Level 10 of the Dungeon
  8495 | D:10     | Noticed a two-headed ogre
  8509 | D:10     | Killed a two-headed ogre
  8659 | D:10     | Reached ***** piety under Sif Muna
  8720 | D:10     | Reached skill level 6 in Dodging
  8832 | D:10     | Reached XP level 11. HP: 41/61 MP: 21/28
  8922 | D:10     | Found Weutseot's Demolitions Depot.
  9028 | D:10     | Identified Sif Muna's Reference Book on the Entourage and Evil Rituals {god gift} (Sif Muna gifted it to you on level 10 of the Dungeon)
  9028 | D:10     | Received a gift from Sif Muna
  9036 | D:10     | Learned a level 5 spell: Bolt of Draining
  9053 | D:10     | Noticed Sonja
  9119 | D:10     | Killed Sonja
  9288 | D:11     | Killed an unseen horror
  9561 | D:11     | Found a staircase to the Lair.
  9621 | D:11     | Noticed a five-headed hydra
  9631 | D:11     | Killed a five-headed hydra
  9631 | D:11     | Reached skill level 15 in Necromancy
  9765 | D:11     | Got a distressingly furry buckler
  9776 | D:11     | Identified the cursed +0 buckler of the Game of Kings {rElec rN+ rCorr Stlth-} (You found it on level 11 of the Dungeon)
  9890 | D:11     | Killed an unseen horror
  9906 | D:11     | Noticed a five-headed hydra
  9939 | D:11     | Noticed Curus's ghost (journeyman TrBe)
  9942 | D:11     | Your ally Curus died
  9945 | D:11     | Killed a five-headed hydra
 10308 | D:11     | Noticed Psyche
 10315 | D:11     | Killed Psyche
 10345 | D:11     | Identified the +4 ring mail "Xarab" {rC+ Str+2 Int+4} (You found it on level 7 of the Dungeon)
 10355 | D:11     | Identified the cursed +1 plate armour "Lubbist" {+Blink Str+4 Int+3 Slay+2} (You found it on level 7 of the Dungeon)
 10429 | D:11     | Noticed a cyan ugly thing
 10437 | D:11     | Killed a cyan ugly thing
 10730 | D:12     | Noticed Nessos
 10748 | D:12     | Killed Nessos
 10844 | D:12     | Noticed Fannar
 11024 | D:12     | Killed Fannar
 11142 | D:12     | Noticed a deep elf mage
 11146 | D:12     | Killed a deep elf mage
 11364 | D:12     | Noticed an eight-headed hydra
 11379 | D:12     | Killed an unseen horror
 11379 | D:12     | Identified Sif Muna's Incunabulum of Arcane Weapons {god gift} (Sif Muna gifted it to you on level 12 of the Dungeon)
 11379 | D:12     | Received a gift from Sif Muna
 11379 | D:12     | Reached XP level 12. HP: 50/66 MP: 11/31
 11496 | D:12     | Learned a level 3 spell: Mephitic Cloud
 11578 | D:12     | Killed an eight-headed hydra
 12116 | D:12     | Noticed a two-headed ogre
 12120 | D:12     | Killed a two-headed ogre
 12287 | D:12     | Noticed a centaur warrior
 12293 | D:12     | Killed a centaur warrior
 12699 | D:13     | Identified Sif Muna's Catalogue of Sinister Arts {god gift} (Sif Muna gifted it to you on level 13 of the Dungeon)
 12699 | D:13     | Received a gift from Sif Muna
 12707 | D:13     | Learned a level 5 spell: Dispel Undead
 12738 | D:13     | Learned a level 8 spell: Infestation
 13044 | D:13     | Found an iron altar of Okawaru.
 13126 | D:13     | Gained mutation: You have sharp toenails. [mutagenic meat]
 13127 | D:13     | Gained mutation: You have a pair of small antennae on your head. [mutagenic meat]
 13128 | D:13     | Gained mutation: You have a pair of antennae on your head. [mutagenic meat]
 13129 | D:13     | Gained mutation: You are occasionally teleported next to monsters. [mutagenic meat]
 13130 | D:13     | Lost mutation: You have a pair of antennae on your head. [potion of mutation]
 13130 | D:13     | Lost mutation: You have a pair of small antennae on your head. [potion of mutation]
 13130 | D:13     | Gained mutation: You are frail. (-10% HP) [potion of mutation]
 13130 | D:13     | Gained mutation: You are resistant to hostile enchantments. (MR+) [potion of mutation]
 13131 | D:13     | Lost mutation: You are occasionally teleported next to monsters. [potion of mutation]
 13131 | D:13     | Lost mutation: You are resistant to hostile enchantments. (MR+) [potion of mutation]
 13131 | D:13     | Lost mutation: You are frail. (-10% HP) [potion of mutation]
 13131 | D:13     | Gained mutation: Scrolls take you a little longer to read. [potion of mutation]
 13131 | D:13     | Gained mutation: You are somewhat resistant to further mutation. [potion of mutation]
 13788 | D:13     | Reached skill level 15 in Spellcasting
 13866 | D:13     | Noticed a two-headed ogre
 13866 | D:13     | Noticed an ice dragon
 13873 | D:13     | Killed a two-headed ogre
 13873 | D:13     | Reached skill level 5 in Stealth
 13875 | D:13     | Killed an ice dragon
 14005 | D:13     | Found a gate to the Vaults.
 14277 | D:14     | Found an opulent altar of Gozag.
 14388 | D:14     | Reached XP level 13. HP: 57/70 MP: 23/34
 15072 | D:15     | Entered Level 15 of the Dungeon
 15503 | D:15     | Found a bloodstained altar of Trog.
 15713 | D:15     | Found a staircase to the Depths.
 15840 | Depths:1 | Entered Level 1 of the Depths
 15845 | Depths:1 | Reached skill level 7 in Dodging
 15847 | Depths:1 | Noticed a jiangshi
 15849 | Depths:1 | Noticed a jiangshi
 15850 | Depths:1 | Killed a jiangshi
 15853 | Depths:1 | Reached skill level 5 in Fighting
 15856 | Depths:1 | Killed a jiangshi
 15952 | Depths:1 | Noticed a lich
 15954 | Depths:1 | Killed a lich
 15954 | Depths:1 | Reached skill level 8 in Dodging
 15956 | Depths:1 | Noticed a frost giant
 15958 | Depths:1 | Killed a frost giant
 15986 | Depths:1 | Reached skill level 1 in Invocations
 16255 | Lair:1   | Entered Level 1 of the Lair of Beasts
 16504 | Lair:1   | Got a heavy robe
 16508 | Lair:1   | Received a gift from Sif Muna
 16513 | Lair:1   | Learned a level 1 spell: Summon Butterflies
 17207 | Lair:2   | Noticed Amnesiac's ghost (journeyman DENe)
 17210 | Lair:2   | Killed Amnesiac's ghost
 17210 | Lair:2   | Reached skill level 5 in Invocations
 17249 | Lair:2   | Found a staircase to the Snake Pit.
 17310 | Lair:2   | Reached XP level 14. HP: 79/79 MP: 24/36
 17382 | Lair:2   | Noticed Gorglomux's ghost (journeyman OpHu)
 17394 | Lair:2   | Killed Gorglomux's ghost
 18211 | D:4      | Killed zero's ghost
 18494 | D:5      | Killed Regeox's ghost
 18642 | D:5      | Noticed Edmund
 18883 | D:6      | Killed Edmund
 19088 | D:6      | Found a shattered altar of Ashenzari.
 19476 | Snake:1  | Entered Level 1 of the Snake Pit
 19967 | Snake:1  | Noticed Asterion
 20226 | Snake:1  | Identified the +2 robe "Kuilian" {rElec Dex+5 Stlth+} (You found it on level 1 of the Lair of Beasts)
 20381 | Snake:1  | Noticed a cacodemon
 20412 | Snake:2  | Reached skill level 9 in Dodging
 20685 | Snake:2  | Got a slimy rapier
 20700 | Snake:2  | Identified the +8 rapier of the Vaults {pierce, MR+} (You found it on level 2 of the Snake Pit)
 21168 | Snake:2  | Learned a level 8 spell: Borgnjor's Revivification
 21840 | Snake:2  | Reached skill level 10 in Dodging
 23367 | Snake:3  | Noticed a nagaraja
 23371 | Snake:3  | Killed a nagaraja
 23371 | Snake:3  | Reached XP level 15. HP: 88/88 MP: 27/38
 23464 | Snake:3  | Reached skill level 11 in Dodging
 24025 | Snake:3  | Identified Vaxauzar's Collected Works on Sinister Rituals {god gift} (Sif Muna gifted it to you on level 3 of the Snake Pit)
 24025 | Snake:3  | Received a gift from Sif Muna
 24467 | Snake:3  | Noticed a nagaraja
 24473 | Snake:3  | Killed a nagaraja
 24674 | Snake:3  | Reached skill level 12 in Dodging
 25137 | Snake:3  | Reached skill level 1 in Charms
 25147 | Snake:3  | Learned a level 8 spell: Death's Door
 25880 | Snake:3  | Reached skill level 5 in Charms
 26085 | Snake:4  | Entered Level 4 of the Snake Pit
 26097 | Snake:4  | Noticed a nagaraja
 26121 | Snake:4  | Killed a nagaraja
 26715 | Snake:4  | Identified Goihek's Volume of Augmentations and Attacks {god gift} (Sif Muna gifted it to you on level 4 of the Snake Pit)
 26715 | Snake:4  | Received a gift from Sif Muna
 26819 | Snake:4  | Learned a level 6 spell: Deflect Missiles
 26823 | Snake:4  | Learned a level 3 spell: Ozocubu's Armour
 27145 | Snake:4  | Reached XP level 16. HP: 94/96 MP: 0/40
 27207 | Snake:4  | Noticed Vashnia
 28201 | Snake:4  | Reached skill level 10 in Fighting
 28750 | Snake:4  | Killed Vashnia
 29047 | Snake:4  | Reached ****** piety under Sif Muna
 29310 | Snake:4  | Identified Sif Muna's Catalogue of Mutagenic Protection {god gift} (Sif Muna gifted it to you on level 4 of the Snake Pit)
 29310 | Snake:4  | Received a gift from Sif Muna
 29318 | Snake:4  | Learned a level 2 spell: Passwall
 29778 | Snake:4  | Got a smoking morningstar {crush}
 30183 | Snake:4  | Got a serpentine rune of Zot
 30793 | Snake:1  | Killed Asterion
 30825 | Snake:1  | Found a deep blue altar of Sif Muna.
 30827 | Snake:1  | Noticed Nikola
 30833 | Snake:1  | Killed Nikola
 31228 | Lair:3   | Noticed Rupert
 31234 | Lair:3   | Killed Rupert
 32072 | Lair:4   | Found a staircase to the Shoals.
 32170 | Shoals:1 | Entered Level 1 of the Shoals
 32219 | Shoals:1 | Noticed Aizul
 32228 | Shoals:1 | Killed Aizul
 32228 | Shoals:1 | Reached XP level 17. HP: 105/107 MP: 12/41
 33572 | Shoals:2 | Identified the +4 morningstar "Tobah" {crush, rC+ Dex+5} (You took it off a naga on level 4 of the Snake Pit)
 34289 | Shoals:3 | Reached skill level 13 in Dodging
 34831 | Shoals:3 | Noticed Polyphemus
 34835 | Shoals:3 | Killed Polyphemus
 35205 | Shoals:3 | Noticed a kraken
 35214 | Shoals:3 | Killed a kraken
 35509 | Shoals:4 | Entered Level 4 of the Shoals
 35659 | Shoals:4 | Noticed Ilsuiw
 35700 | Shoals:4 | Killed Ilsuiw
 35858 | Shoals:4 | Found a frozen archway.
 35873 | IceCv    | Entered an ice cave
 35930 | IceCv    | Identified Sif Muna's Reference Book on Dark Protection {god gift} (Sif Muna gifted it to you in an ice cave)
 35930 | IceCv    | Received a gift from Sif Muna
 36024 | Shoals:4 | Learned a level 7 spell: Haunt
 36140 | Shoals:4 | Reached skill level 14 in Dodging
 36298 | Shoals:4 | Got a barnacled rune of Zot
 36732 | Shoals:4 | Reached skill level 1 in Summonings
 37171 | Lair:4   | Reached skill level 1 in Evocations
 37765 | Lair:5   | Noticed Typee's ghost (journeyman OpFE)
 37775 | Lair:5   | Killed Typee's ghost
 38384 | Lair:5   | Noticed Urug
 38390 | Lair:5   | Killed Urug
 38811 | Lair:6   | Entered Level 6 of the Lair of Beasts
 38820 | Lair:6   | Reached XP level 18. HP: 116/116 MP: 31/42
 39049 | Lair:6   | Reached skill level 5 in Evocations
 39646 | Lair:6   | Found a staircase to the Slime Pits.
 40540 | Lair:6   | Identified Sif Muna's Compendium of Creative Arcane Weapons {god gift} (Sif Muna gifted it to you on level 6 of the Lair of Beasts)
 40540 | Lair:6   | Received a gift from Sif Muna
 40555 | Lair:6   | Learned a level 2 spell: Blink
 41361 | Lair:6   | Reached skill level 1 in Staves
 41634 | Slime:1  | Entered Level 1 of the Pits of Slime
 42416 | Slime:1  | Gained mutation: Your flesh is heat resistant. (rF+) [a shining eye]
 42599 | Slime:2  | Reached skill level 5 in Staves
 43444 | Slime:3  | Found a viscous altar of Jiyva.
 44768 | Slime:4  | Reached skill level 15 in Fighting
 44848 | Slime:4  | Reached XP level 19. HP: 124/124 MP: 36/43
 44849 | Slime:4  | Reached skill level 15 in Dodging
 45620 | Slime:5  | Entered Level 5 of the Pits of Slime
 45764 | Slime:5  | Found the +27 Lear's hauberk
 45765 | Slime:5  | Noticed the Royal Jelly
 45766 | Slime:5  | Found a viscous altar of Jiyva.
 45793 | Slime:5  | Killed the Royal Jelly
 45820 | Slime:5  | Found the +2 hat of the Bear Spirit {Spirit, +Rage rN+ MR++}
 45840 | Slime:5  | Got a slimy rune of Zot
 45841 | Slime:5  | Identified the Incunabulum of Good Luck and Changing
 45863 | Slime:5  | Got an ichor-stained morningstar
 45864 | Slime:5  | Identified the cursed +1 morningstar "Loneret" {venom, rElec Int+4 Dex-5 Stlth+} (You found it on level 5 of the Pits of Slime)
 45916 | Slime:5  | Got a warped copper amulet
 45919 | Slime:5  | Identified the amulet "Inkoutex" {Reflect rPois Int-5 Slay+5 SH+3} (You found it on level 5 of the Pits of Slime)
 45958 | Slime:5  | Got a smoking jade ring
 45960 | Slime:5  | Identified the ring of Faechif {rCorr rPois Int+4} (You found it on level 5 of the Pits of Slime)
 46002 | Slime:5  | Got a crude chain mail
 46012 | Slime:5  | Identified the cursed +0 chain mail "Geasum" {Str-2 Int+4 Dex+5 Stlth+} (You found it on level 5 of the Pits of Slime)
 46047 | Slime:5  | Identified Sif Muna's Almanac of Darkness {god gift} (Sif Muna gifted it to you on level 5 of the Pits of Slime)
 46047 | Slime:5  | Received a gift from Sif Muna
 47282 | Orc:1    | Noticed Erica
 47287 | Orc:1    | Killed Erica
 47532 | Orc:2    | Entered Level 2 of the Orcish Mines
 47762 | Orc:2    | Found Ciwe's Distillery.
 47762 | Orc:2    | Found Rokkepuk's Weapon Boutique.
 47762 | Orc:2    | Found Mommeih's Weapon Shop.
 47773 | Orc:2    | Found Kuenenea's Jewellery Boutique.
 48047 | Orc:2    | Found a staircase to the Elven Halls.
 49277 | Elf:1    | Entered Level 1 of the Elven Halls
 49360 | Elf:1    | Got a fine robe
 49371 | Elf:1    | Identified the +1 robe of Wrong Decisions {MP+9} (You found it on level 1 of the Elven Halls)
 49401 | Elf:1    | Got a twisted scale mail
 49624 | Elf:1    | Reached skill level 16 in Dodging
 49736 | Elf:1    | Got a translucent plate armour
 49739 | Elf:1    | Identified the +3 plate armour "Iseovy" {-Cast MP+9 Int-5 Dex+9} (You found it on level 1 of the Elven Halls)
 49742 | Elf:1    | Identified the +6 scale mail of the Land of Plenty {rPois rC+ Regen+ rCorr} (You found it on level 1 of the Elven Halls)
 49888 | Elf:1    | Identified Sif Muna's Reference Book on Attacks {god gift} (Sif Muna gifted it to you on level 1 of the Elven Halls)
 49888 | Elf:1    | Received a gift from Sif Muna
 50026 | Elf:1    | Found a flickering gateway to a bazaar.
 50044 | Bazaar   | Entered a bazaar
 50057 | Bazaar   | Found Ylyel's Weapon Shoppe.
 50057 | Bazaar   | Found Nuovig's Magic Scroll Shoppe.
 50075 | Bazaar   | Bought a scroll of blinking for 52 gold pieces
 50075 | Bazaar   | Bought a scroll of teleportation for 21 gold pieces
 50093 | Bazaar   | Found Finau's Magic Scroll Emporium.
 50093 | Bazaar   | Found Exzetut's Jewellery Emporium.
 50534 | Elf:2    | Found a runed gate.
 50534 | Elf:2    | Found a runed gate.
 50544 | Elf:2    | Found a runed gate.
 50581 | Elf:2    | Found a flickering gateway to a bazaar.
 50586 | Bazaar   | Entered a bazaar
 50590 | Bazaar   | Found Inorad's Antique Weapon Shoppe.
 50598 | Bazaar   | Found Lutwutuann's Gadget Shoppe.
 50606 | Bazaar   | Bought a wand of digging (19) for 322 gold pieces
 50609 | Bazaar   | Found Ginled's Magic Scroll Boutique.
 50617 | Bazaar   | Bought a scroll of enchant armour for 112 gold pieces
 50620 | Bazaar   | Found Nyclocy's General Store.
 50627 | Bazaar   | Found Exiupnel's Antique Armour Emporium.
 51289 | Elf:2    | Reached XP level 20. HP: 132/132 MP: 33/44
 51607 | Elf:3    | Entered Level 3 of the Elven Halls
 51785 | Elf:3    | Found an ancient bone altar of Kikubaaqudgha.
 52025 | Elf:3    | HP: 1/132 [hellion/damnation[a deep elf demonologist] (23)]
 52794 | Elf:3    | Got a pitted morningstar {elec}
 52795 | Elf:3    | Identified the +6 morningstar of Beiwur {elec, rF+} (You took it off a deep elf demonologist on level 3 of the Elven Halls)
 52886 | Elf:3    | Got a scorched falchion
 52889 | Elf:3    | Identified the +10 falchion of the Boiling Point {flame, Dex+4 Stlth+} (You found it on level 3 of the Elven Halls)
 52933 | Elf:3    | Found the +8 storm bow {elec}
 52940 | Elf:3    | Got a translucent chain mail
 52972 | Elf:3    | Identified the +3 chain mail of Jyolizea {Dex+3 Stlth+} (You found it on level 3 of the Elven Halls)
 53006 | Elf:3    | Got a faintly glowing chain mail
 53167 | Elf:3    | Identified the +5 chain mail of Duck's Teeth {rPois rC+ Regen+ Int-3} (You found it on level 3 of the Elven Halls)
 53693 | Depths:1 | Found a gateway to a ziggurat.
 53698 | Depths:1 | Reached skill level 10 in Staves
 53804 | Depths:1 | Found an ornate altar of the Wu Jian Council.
 53907 | Depths:1 | Reached skill level 17 in Dodging
 53991 | Depths:1 | Found a large runed door.
 53991 | Depths:1 | Found a large runed door.
 54036 | Depths:1 | Found a gateway to Hell.
 54178 | Depths:1 | Noticed Louise
 54191 | Depths:1 | Killed Louise
 54210 | Depths:1 | Found a one-way gate to the infinite horrors of the Abyss.
 54369 | Depths:1 | Found Nainigeb's Book Shoppe.
 54543 | Depths:1 | Lost mutation: Scrolls take you a little longer to read. [a shining eye]
 54561 | Depths:1 | Paralysed by a floating eye for 3 turns
 54571 | Depths:1 | Paralysed by a floating eye for 3 turns
 54586 | Depths:1 | Got a fine broad axe
 54587 | Depths:1 | Identified the +3 broad axe "Isiur" {flame, Fragile rPois SInv} (You found it on level 1 of the Depths)
 54959 | Depths:2 | Found Jimiwk's Antique Weapon Emporium.
 54984 | Depths:2 | Identified Qeukha's Handbook of Flying Toxins {god gift} (Sif Muna gifted it to you on level 2 of the Depths)
 54984 | Depths:2 | Received a gift from Sif Muna
 55527 | Depths:2 | Noticed a golden dragon
 55533 | Depths:2 | Killed a golden dragon
 55533 | Depths:2 | Reached XP level 21. HP: 121/140 MP: 1/45
 55867 | Depths:2 | Got a warped chain mail
 55869 | Depths:2 | Identified the cursed +0 chain mail of the Meadowlark {*Contam rC++} (You found it on level 2 of the Depths)
 55956 | Depths:2 | Found a corrupted altar of Lugonu.
 56080 | Depths:2 | Noticed Saint Roka
 56099 | Depths:2 | Killed Saint Roka
 56213 | Depths:2 | Found a one-way gate leading to the halls of Pandemonium.
 57245 | Depths:3 | Found a shattered altar of Ashenzari.
 57255 | Depths:3 | Reached skill level 18 in Dodging
 58436 | Depths:4 | Found Duju Fojyss's Antique Weapon Boutique.
 59102 | Depths:4 | Noticed a golden dragon
 59105 | Depths:4 | Killed a golden dragon
 59274 | Depths:4 | Identified Ketz's Catalogue of Unholy Secrets {god gift} (Sif Muna gifted it to you on level 4 of the Depths)
 59274 | Depths:4 | Received a gift from Sif Muna
 59989 | Depths:4 | Noticed an ancient lich
 59993 | Depths:4 | Killed an ancient lich
 60063 | Depths:4 | Identified Zuep's Papyrus of Dark Magic
 60069 | Depths:4 | Learned a level 2 spell: Sublimation of Blood
 60123 | Depths:4 | Got a smoking rapier {drain}
 60402 | Depths:4 | Reached XP level 22. HP: 149/149 MP: 46/46
 60498 | Depths:3 | Reached skill level 19 in Dodging
 60649 | Depths:5 | Entered Level 5 of the Depths
 60652 | Depths:5 | Noticed a golden dragon
 60653 | Depths:5 | Noticed a caustic shrike
 60654 | Depths:5 | Noticed a caustic shrike
 60656 | Depths:5 | Noticed a caustic shrike
 60656 | Depths:5 | Noticed a caustic shrike
 60733 | Depths:5 | Found a magical portal.
 60742 | WizLab   | Entered Wucad Mu's Monastery
 60832 | WizLab   | Found the +9 staff of Wucad Mu {channel}
 60869 | WizLab   | Reached XP level 23. HP: 130/155 MP: 13/47
 61054 | Depths:5 | Received a gift from Sif Muna
 61057 | Depths:5 | Killed a caustic shrike
 61060 | Depths:5 | Identified Sif Muna's Tome of Creation and the Arsonist {god gift} (Sif Muna gifted it to you on level 5 of the Depths)
 61060 | Depths:5 | Killed a caustic shrike
 61061 | Depths:5 | Killed a caustic shrike
 61062 | Depths:5 | Killed a caustic shrike
 61297 | Depths:5 | Noticed a juggernaut
 61302 | Depths:5 | Killed a juggernaut
 61400 | Depths:5 | Reached skill level 20 in Dodging
 61662 | Depths:5 | Identified Majiufed's Handbook of Captivating Illusion {god gift} (Sif Muna gifted it to you on level 5 of the Depths)
 61662 | Depths:5 | Received a gift from Sif Muna
 61665 | Depths:5 | Found a gate to the Realm of Zot.
 61728 | Zot:1    | Entered Level 1 of the Realm of Zot
 61827 | Zot:1    | Reached skill level 15 in Charms
 61860 | Zot:1    | Noticed a curse toe
 61863 | Zot:1    | Killed a curse toe
 62056 | Zot:1    | Reached skill level 21 in Dodging
 62187 | Zot:1    | Identified Sif Muna's Sophisticated Sorcery {god gift} (Sif Muna gifted it to you on level 1 of the Realm of Zot)
 62187 | Zot:1    | Received a gift from Sif Muna
 62401 | Zot:1    | Noticed an orb of fire
 62437 | Zot:1    | Gained mutation: You are dopey. (Int -2) [an orb of fire]
 62439 | Zot:1    | Killed an orb of fire
 62648 | Zot:2    | Identified a scroll of acquirement {!r}
 62652 | Zot:2    | Identified the +0 cloak "Gewuex" {+Fly rPois Str-4} (You acquired it on level 2 of the Realm of Zot)
 62770 | Zot:2    | Reached XP level 24. HP: 160/160 MP: 8/47
 63323 | Zot:2    | Reached skill level 22 in Dodging
 63500 | Zot:2    | Got a pair of twisted gloves
 63501 | Zot:2    | Identified the +1 pair of gloves of Darkness {rPois rCorr Str-2} (You found it on level 2 of the Realm of Zot)
 63871 | Zot:2    | Identified Sif Muna's Disquisition on Creation and Conjuration {god gift} (Sif Muna gifted it to you on level 2 of the Realm of Zot)
 63871 | Zot:2    | Received a gift from Sif Muna
 64116 | Zot:2    | Cast into level 4 of the Abyss (a Zot trap)
 64265 | Abyss:5  | Entered Level 5 of the Abyss
 64602 | Abyss:5  | Found an opulent altar of Gozag.
 64658 | Abyss:5  | Reached skill level 23 in Dodging
 64668 | Zot:2    | Escaped the Abyss
 64855 | Zot:4    | Found the +2 pair of boots of the Assassin {Detection Stab+ Stlth++}
 64955 | Zot:5    | Entered Level 5 of the Realm of Zot
 64990 | Zot:5    | Identified Ingu's Papyrus of Transformation and Malediction {god gift} (Sif Muna gifted it to you on level 5 of the Realm of Zot)
 64990 | Zot:5    | Received a gift from Sif Muna
 65220 | Zot:5    | Got a wavering lapis lazuli ring
 65221 | Zot:5    | Identified the ring "Byeridgh" {rElec rC+ AC+4 Dex+4} (You found it on level 5 of the Realm of Zot)
 66611 | Zot:5    | Reached XP level 25. HP: 167/167 MP: 0/47
 66687 | Zot:5    | Noticed an ancient lich
 66694 | Zot:5    | Noticed an orb of fire
 66694 | Zot:5    | Killed an ancient lich
 66702 | Zot:5    | HP: 6/169 [orb of fire/bolt of fire (29)]
 66733 | Zot:5    | Killed an orb of fire
 66822 | Zot:5    | Noticed an ancient lich
 66824 | Zot:5    | Killed an ancient lich
 66860 | Zot:5    | Noticed an orb of fire
 66860 | Zot:5    | Gained mutation: Your magical capacity is low. (-10% MP) [an orb of fire]
 66861 | Zot:5    | Noticed an orb of fire
 66868 | Zot:5    | Noticed an orb of fire
 66871 | Zot:5    | Noticed an orb of fire
 66890 | Zot:5    | Gained mutation: You have razor-sharp toenails. [an orb of fire]
 66890 | Zot:5    | Gained mutation: Armour fits poorly on your strangely shaped body. [an orb of fire]
 66907 | Zot:5    | Lost mutation: Your flesh is heat resistant. (rF+) [an orb of fire]
 66981 | Zot:5    | Gained mutation: Your magical capacity is very low. (-20% MP) [an orb of fire]
 66985 | Zot:5    | Killed an orb of fire
 67002 | Zot:5    | Killed an orb of fire
 67047 | Zot:5    | Killed an orb of fire
 67083 | Zot:5    | Noticed an orb of fire
 67091 | Zot:5    | Gained mutation: You occasionally shout uncontrollably at your foes. [an orb of fire]
 67126 | Zot:5    | Killed an orb of fire
 67246 | Zot:5    | Killed an orb of fire
 67255 | Zot:5    | Lost mutation: Your magical capacity is very low. (-20% MP) [potion of mutation]
 67255 | Zot:5    | Lost mutation: You have razor-sharp toenails. [potion of mutation]
 67255 | Zot:5    | Lost mutation: Your magical capacity is low. (-10% MP) [potion of mutation]
 67255 | Zot:5    | Lost mutation: Armour fits poorly on your strangely shaped body. [potion of mutation]
 67266 | Zot:5    | Noticed an orb of fire
 67362 | Zot:5    | Gained mutation: You are clumsy. (Dex -2) [an orb of fire]
 67369 | Zot:5    | Killed an orb of fire
 67415 | Zot:5    | Noticed an orb of fire
 67429 | Zot:5    | Noticed an orb of fire
 67553 | Zot:5    | Noticed an ancient lich
 67554 | Zot:5    | Noticed an ancient lich
 67562 | Zot:5    | Mangled by a storm dragon

Vault maps used:
D:1:      lightli_arrival_statuegarden, minmay_misc_feat_five
D:2:      fiery_altar_vehumet, uniq_robin, uniq_crazy_yiuf_cottage
D:3:      fedhas_altar_2, first_bread, st_stairs_1, serial_bayou_ford_a
D:4:      temple_pool_b
D:5:      uniq_pikel, uniq_edmund
D:6:      lemuel_crystal_altar, minmay_ogre_servants, uniq_menkaure
D:7:      kennysheep_mini_moat, kennysheep_mini
D:8:      nicolae_dithmenos_the_darkroom
D:9:      tso_metal_star, marbit_many_paths, grunt_ogre_cave
D:10:     nicolae_blasting_shop, uniq_sonja
D:11:     lair_entry_dummy, uniq_psyche
D:12:     uniq_fannar, uniq_nessos
D:13:     david_vaults_4, basic_altar, hangedman_abyss_or_decor_lesser_grid,
          serial_bayou_lagoon_a
D:14:     kennysheep_cross_landing, moated_statue, minivault_23,
          minmay_tree_intersection, hangedman_decor_peaks_small,
          nicolae_gozag_cash_rules_everything_around_me
D:15:     grunt_enter_depths_snipers, serial_bayou_shore_b, trog_wizard
Temple:   dpeg_chambers_temple
Lair:1:   beast_lair_carwin_11, lemuel_fruit_tree
Lair:2:   minmay_snake_entry_guardpost_small, minmay_stone_trees_small
Lair:3:   serial_forest, infiniplex_forest_lined_room_2,
          infiniplex_forest_lined_ring, infiniplex_forest_lined_room_2,
          infiniplex_forest_side_room, infiniplex_forest_clump_double,
          uniq_rupert
Lair:4:   wad_woods_04, minmay_shoals_entry_beasts
Lair:5:   uniq_urug
Lair:6:   hangedman_lair_caniforms_friends, hangedman_lair_tendril_chambers,
          minmay_slime_entry_jelly_boxes, serial_bayou_shore_a
Shoals:1: uniq_aizul
Shoals:3: uniq_polyphemus
Shoals:4: shoals_end_grunt_ice, shoals_ilsuiw_ice, portal_ice_cave_entry_dragon,
          nicolae_shoals_stone_sculpture_thing
Snake:1:  basic_altar, uniq_nikola, uniq_asterion
Snake:2:  serial_bayou, serial_bayou_lake_a, serial_bayou_pond_d,
          serial_bayou_shore_b, serial_bayou_crossing, grunt_ministairs_15,
          st_stairs_4
Snake:4:  johnstein_snake_rune_scales
Slime:3:  basic_altar
Slime:4:  cheibrodos_slime_lost_civilization_1
Orc:1:    uniq_erica
Orc:2:    st_orc_mages, nicolae_orc_damp_corner
Elf:1:    eino_elf_arrival_sip, serial_shops, bzr_entry_water, orc_legates
Elf:2:    serial_shops, bzr_entry_road, laboratory
Elf:3:    minmay_elf_hall_dome, basic_altar
Depths:1: enter_ziggurat_d, pf_vacation_house_of_asmodeus, serial_shops,
          kennysheep_little_box, nicolae_abyss_entry_one_way_or_another,
          old_standard_altar, spider_trap, hangedman_eye_storm
Depths:2: minmay_connected_boxes_in_corner, grunt_hell_entry_dis_grunt,
          serial_shops, shop, minmay_crystal_water, grunt_pan_entry_zigzag,
          abyss_entry_flame_altar, due_unseen_surprise, uniq_saint_roka
Depths:3: cheibrodos_quadrivalence, evilmike_ruin_ashenzari, hell_entry,
          abyss_entry, pan_entry, serial_bayou_shore_b,
          minmay_staircase_statues_hall_small, grunt_megastairs_2
Depths:4: minmay_quantized_circle, pan_entry, corexii_hall_statues_x,
          serial_sigils, serial_sigils_hangedman_stare,
          serial_sigils_hangedman_writhe, special_room, serial_shops, shop,
          hell_entry, abyss_entry_glasseish, infiniplex_staircase_spiral,
          serial_bayou_shore_b
Depths:5: grunt_zot_entry_gee_three, serial_sigils_hangedman_scratch,
          mu_enter_wizlab_5, pf_coc_iceberg
Zot:1:    grunt_twist_and_shout
Zot:2:    lemuel_firehouse, st_stairs_1
Zot:4:    gammafunk_the_bubble
Abyss:4:  hangedman_abyss_monster_moat
Abyss:5:  evilmike_abyss_exit_glass, evilmike_abyss_rune_siren_acolytes
Bazaar:   grunt_bazaar_doublecross, bazaar_lake
IceCv:    ice_cave_statue_garden_chambered
WizLab:   wizlab_wucad

Skill      XL: |  1  2  3  4  5  6  7  8  9 10 11 12 13 14 15 16 17 18 19 20 21 22 23 24 25 |
---------------+----------------------------------------------------------------------------+-----
Fighting       | 1 2 3 4 5 7 9 12 14 15 16 17 19 20 21 | 21.7
Shields        | 1 2 4 |  4.0
Necromancy     | 7 8 10 12 14 16 18 19 20 | 20.0
Spellcasting   | 5 8 9 11 13 15 16 17 18 | 18.5
Dodging        | 4 6 8 10 12 14 16 17 18 19 21 23 | 23.1
Stealth        | 4 7 9 |  9.0
Invocations    | 5 9 |  9.0
Charms         | 9 11 17 20 | 20.5
Summonings     | 3 |  3.0
Evocations     | 4 5 |  5.0
Staves         | 6 9 10 12 | 12.0

Action                   |  1- 3 |  4- 6 |  7- 9 | 10-12 | 13-15 | 16-18 | 19-21 | 22-24 | 25-27 || total
-------------------------+-------+-------+-------+-------+-------+-------+-------+-------+-------++-------
Melee: Unarmed           |     3 |     4 |       |     1 |       |       |       |     4 |       ||    12
       Spear             |       |    15 |    37 |       |       |       |       |       |       ||    52
       Short sword       |       |       |    23 |       |       |       |       |       |       ||    23
       Dagger            |       |       |   231 |   362 |    12 |       |       |       |       ||   605
       Staff             |       |       |       |     4 |     9 |    44 |   423 |   353 |   102 ||   935
       Rapier            |       |       |       |       |     2 |       |       |       |       ||     2
Throw: Throwing net      |       |       |       |       |       |       |     1 |       |     2 ||     3
 Cast: Pain              |    54 |   121 |    50 |       |       |       |       |       |       ||   225
       Animate Dead      |       |     1 |     4 |       |       |       |       |       |       ||     5
       Vampiric Draining |       |     8 |    71 |    41 |       |       |     6 |       |       ||   126
       Control Undead    |       |       |    14 |     4 |       |       |       |       |       ||    18
       Regeneration      |       |       |     2 |       |     4 |     1 |     4 |    18 |    19 ||    48
       Bolt of Draining  |       |       |       |   153 |   452 |   725 |   412 |   172 |    20 ||  1934
       Confusing Touch   |       |       |       |     1 |       |       |       |     2 |       ||     3
       Dispel Undead     |       |       |       |     5 |    10 |     3 |    42 |    36 |     7 ||   103
       Infestation       |       |       |       |     1 |    18 |    32 |    87 |    76 |    21 ||   235
       Deflect Missiles  |       |       |       |       |     1 |     3 |     4 |     4 |       ||    12
       Ozocubu's Armour  |       |       |       |       |     1 |     2 |       |       |       ||     3
       Death's Door      |       |       |       |       |     1 |     1 |       |       |     2 ||     4
       Haunt             |       |       |       |       |       |     2 |    31 |    41 |    39 ||   113
       Blink             |       |       |       |       |       |     1 |     2 |       |     2 ||     5
       Sublimation of Bl |       |       |       |       |       |       |       |    17 |    12 ||    29
Invok: Divine Energy     |       |       |     1 |       |       |       |       |       |       ||     1
       Channel Magic     |       |       |       |       |     3 |     3 |    11 |     4 |    17 ||    38
       Stop Divine Energ |       |       |       |       |       |       |       |       |     1 ||     1
 Abil: Evoke Flight      |       |       |       |       |       |     4 |       |       |       ||     4
Evoke: Wand              |       |       |       |       |       |     1 |     3 |       |       ||     4
  Use: Scroll            |     5 |     1 |     7 |     8 |    13 |     7 |    19 |    15 |     2 ||    77
       Potion            |       |       |       |     2 |       |     2 |    11 |     2 |    13 ||    30
 Stab: Sleeping          |       |       |     6 |     5 |     1 |       |     5 |     1 |       ||    18
       Betrayed ally     |       |       |       |     4 |       |       |       |       |       ||     4
       Distracted        |       |       |       |     1 |     1 |     1 |    10 |    18 |     4 ||    35
  Eat: Chunk             |     3 |     8 |     7 |    33 |    22 |    36 |    39 |    24 |     3 ||   175
       Meat ration       |       |       |     1 |       |     3 |     4 |       |       |       ||     8
       Fruit             |       |       |       |     3 |    10 |       |     7 |       |       ||    20
       Royal jelly       |       |       |       |     1 |     1 |     6 |     8 |       |       ||    16
       Bread ration      |       |       |       |       |       |       |     5 |     8 |     4 ||    17
Armor: Robe              |     1 |     7 |    16 |    46 |    43 |    44 |    81 |    98 |    10 ||   346
       Leather armour    |       |       |    83 |   117 |       |       |       |       |       ||   200
Dodge: Dodged            |     4 |    33 |   214 |   257 |   182 |   315 |   495 |   683 |    87 ||  2270
       Deflected         |       |       |       |       |     2 |    48 |    19 |    41 |       ||   110
Block: Buckler           |       |     6 |   105 |   113 |    56 |    82 |   160 |   210 |    29 ||   761

Table legend:
 A = Spawn XP
 B = Non-spawn XP
 C = Spawn XP percentage of total XP
 D = Spawn monster count
 E = Non-spawn monster count
 F = Spawn count percentage of total count
 G = Total turns spent on level
                    A         B        C        D         E        F      G
               +---------+---------+-------+---------+---------+-------+---------
         Total |   18675 | 1095343 |   1.7 |      69 |    2126 |   3.1 | 67562
               +---------+---------+-------+---------+---------+-------+---------
           D:1 |       0 |      22 |   0.0 |       0 |      12 |   0.0 |   850
           D:2 |       0 |      99 |   0.0 |       0 |      18 |   0.0 |  1378
           D:3 |       0 |     126 |   0.0 |       0 |      37 |   0.0 |  1225
           D:4 |       0 |    1379 |   0.0 |       0 |      16 |   0.0 |   997
           D:5 |       0 |    1210 |   0.0 |       0 |      15 |   0.0 |  1257
           D:6 |       0 |    1671 |   0.0 |       0 |      45 |   0.0 |  1642
           D:7 |       0 |     615 |   0.0 |       0 |      14 |   0.0 |   601
           D:8 |       0 |    1334 |   0.0 |       0 |      24 |   0.0 |   719
           D:9 |       0 |    3702 |   0.0 |       0 |      33 |   0.0 |  1099
          D:10 |       0 |    2474 |   0.0 |       0 |      21 |   0.0 |   900
          D:11 |       0 |    6132 |   0.0 |       0 |      24 |   0.0 |  1898
          D:12 |       0 |   11863 |   0.0 |       0 |      31 |   0.0 |  1601
          D:13 |       0 |    7054 |   0.0 |       0 |      36 |   0.0 |  1468
          D:14 |       0 |    4393 |   0.0 |       0 |      18 |   0.0 |  1066
          D:15 |       0 |    4619 |   0.0 |       0 |       8 |   0.0 |   998
        Lair:1 |       0 |    3674 |   0.0 |       0 |      25 |   0.0 |   962
        Lair:2 |       0 |    3331 |   0.0 |       0 |      13 |   0.0 |  1118
        Lair:3 |       0 |    5226 |   0.0 |       0 |      10 |   0.0 |   817
        Lair:4 |       0 |    3260 |   0.0 |       0 |      17 |   0.0 |   880
        Lair:5 |       0 |    8893 |   0.0 |       0 |      18 |   0.0 |  1191
        Lair:6 |       0 |   29650 |   0.0 |       0 |     152 |   0.0 |  2847
      Shoals:1 |       0 |   11145 |   0.0 |       0 |      23 |   0.0 |  1080
      Shoals:2 |       0 |   11793 |   0.0 |       0 |      30 |   0.0 |  1140
      Shoals:3 |       0 |   16017 |   0.0 |       0 |      32 |   0.0 |  1299
      Shoals:4 |       0 |   23215 |   0.0 |       0 |      62 |   0.0 |  1440
       Snake:1 |       0 |   15212 |   0.0 |       0 |      18 |   0.0 |  1545
       Snake:2 |       0 |   26648 |   0.0 |       0 |      52 |   0.0 |  3264
       Snake:3 |       0 |   31986 |   0.0 |       0 |      58 |   0.0 |  3328
       Snake:4 |       0 |   64335 |   0.0 |       0 |     128 |   0.0 |  3638
       Slime:1 |       0 |   13892 |   0.0 |       0 |      33 |   0.0 |   994
       Slime:2 |       0 |   14452 |   0.0 |       0 |      14 |   0.0 |   913
       Slime:3 |       0 |   24012 |   0.0 |       0 |      31 |   0.0 |  1100
       Slime:4 |       0 |   17499 |   0.0 |       0 |      20 |   0.0 |  1006
       Slime:5 |       0 |   36035 |   0.0 |       0 |      46 |   0.0 |  1244
         Orc:1 |       0 |    6035 |   0.0 |       0 |      63 |   0.0 |   794
         Orc:2 |       0 |    5096 |   0.0 |       0 |      65 |   0.0 |   838
         Elf:1 |       0 |   20454 |   0.0 |       0 |      53 |   0.0 |  1133
         Elf:2 |       0 |   26490 |   0.0 |       0 |      68 |   0.0 |  1254
         Elf:3 |       0 |   34670 |   0.0 |       0 |      41 |   0.0 |  1496
      Depths:1 |       0 |   42435 |   0.0 |       0 |      71 |   0.0 |  1351
      Depths:2 |       0 |   55085 |   0.0 |       0 |     133 |   0.0 |  1840
      Depths:3 |       0 |   31850 |   0.0 |       0 |      55 |   0.0 |  1903
      Depths:4 |       0 |   77294 |   0.0 |       0 |      84 |   0.0 |  2247
      Depths:5 |       0 |   62654 |   0.0 |       0 |      83 |   0.0 |   779
         Zot:1 |       0 |   63977 |   0.0 |       0 |      60 |   0.0 |   915
         Zot:2 |       0 |   62477 |   0.0 |       0 |      81 |   0.0 |  1618
         Zot:3 |       0 |    3564 |   0.0 |       0 |       4 |   0.0 |   108
         Zot:4 |       0 |   36301 |   0.0 |       0 |      25 |   0.0 |   635
         Zot:5 |       0 |  144476 |   0.0 |       0 |      62 |   0.0 |  2006
       Abyss:4 |    3250 |       0 | 100.0 |      15 |       0 | 100.0 |   149
       Abyss:5 |   15425 |   10391 |  59.7 |      54 |      21 |  72.0 |   403
         IceCv |       0 |    4546 |   0.0 |       0 |      22 |   0.0 |   137
        WizLab |       0 |     580 |   0.0 |       0 |       1 |   0.0 |   275
               +---------+---------+-------+---------+---------+-------+---------
